 Dungeon Crawl Stone Soup version 0.30-a0-359-gd0147acb1a (webtiles) character file.

Game seed: 9742203250842537218

77 HoaS the Shooter (level 4, -6/26 HPs)
             Began as a Kobold Hunter on Nov 12, 2022.
             Mangled by a gnoll
             ... wielding a +1 flail of protection
              (12 damage)
             ... on level 2 of the Dungeon.
             The game lasted 00:02:28 (1430 turns).

HoaS the Shooter (Kobold Hunter)                    Turns: 1430, Time: 00:02:29

Health: -6/26      AC:  3    Str:  8    XL:     4   Next: 58%
Magic:  4/4        EV: 14    Int: 10    God:
Gold:   103        SH:  0    Dex: 20    Spells: 3/3 levels left

rFire   . . .      SeeInvis .    a - +0 shortbow
rCold   . . .      Faith    .    (shield currently unavailable)
rNeg    . . .      Spirit   .    c - +0 leather armour
rPois   .          Reflect  .    (no helmet)
rElec   .          Harm     .    (no cloak)
rCorr   .          Rampage  .    (no gloves)
Will    .....                    (no boots)
Stlth   +++.......               g - amulet of regeneration
HPRegen 1.04/turn                (no ring)
MPRegen 0.09/turn                (no ring)

@: no status effects
A: small, no large weapons, nightstalker 3
a: no special abilities


You were on level 2 of the Dungeon.
You visited 1 branch of the dungeon, and saw 2 of its levels.

You collected 103 gold pieces.

Inventory:

Hand Weapons
 a - a +0 shortbow (weapon)
Armour
 c - a +0 leather armour (worn)
Jewellery
 g - an amulet of regeneration (around neck)
Wands
 f - a wand of roots (8)
Scrolls
 b - a scroll of immolation
 h - a scroll of magic mapping
Potions
 d - a potion of curing {unknown}
 e - a potion of heal wounds {unknown}


   Skills:
 - Level 2.1 Fighting
 + Level 7.5 Ranged Weapons
 - Level 2.4 Dodging
 - Level 1.3 Stealth


You had 3 spell levels left.
You didn't know any spells.
Your spell library was empty.

Dungeon Overview and Level Annotations

Branches:
Dungeon (2/15)

Altars:

Shops:
D:2 ?


Innate Abilities, Weirdness & Mutations

You are small and have problems with some larger weapons.
You are completely attuned to the shadows.


Message History

Aim: Jessica, wielding a +0 dagger, wearing a +0 robe and carrying a wand of roots (8) (severely wounded, 66% to hit)
You shoot an arrow. The arrow hits Jessica.
You kill Jessica!
f - a wand of roots (8)
Things that are here:
a +0 dagger; a +0 robe; the human corpse of Jessica A gnoll comes into view.
It is wielding a +1 flail of protection.
You shoot an arrow. The arrow hits the gnoll.
The gnoll is lightly wounded.
Things that are here:
a +0 dagger; a +0 robe; the human corpse of Jessica You shoot an arrow.
The arrow barely misses the gnoll.
You shoot an arrow.
The arrow hits the gnoll but does no damage.
The gnoll is lightly wounded.
The gnoll closely misses you.
You shoot an arrow. The arrow hits the gnoll.
The gnoll is lightly wounded.
The gnoll hits you with a +1 flail of protection.
You shoot an arrow. The arrow closely misses the gnoll.
The gnoll misses you.
You shoot an arrow. The arrow closely misses the gnoll.
The gnoll closely misses you.
You shoot an arrow. The arrow hits the gnoll.
The gnoll is moderately wounded.
The gnoll closely misses you.
You shoot an arrow. The arrow completely misses the gnoll.
The gnoll hits you with a +1 flail of protection!
You are too injured to fight recklessly!
You are too injured to fight recklessly!
You shoot an arrow. The arrow hits the gnoll.
The gnoll is severely wounded.
The gnoll hits you with a +1 flail of protection!
* * * LOW HITPOINT WARNING * * *
The gnoll misses you.
You shoot an arrow. The arrow barely misses the gnoll.
The gnoll barely misses you.
You shoot an arrow. The arrow hits the gnoll.
The gnoll is almost dead.
The gnoll hits you with a +1 flail of protection!
You die...

******** ###********
*,,,,..#
#..,,,,.,,**
*,***#.#
#.#*##..,,,** ****
*,* #.#
#.##....,,,,* ,,,*
*,*
##.###.#.....,,,,***
**,* *,*
#†.@g).......,,,,*,,
*,* *,*
#..###.......,,,**,*
##,* *,* #..#
####....,,***,* .#.#
*.###..#
*#...,,,,,,* .#.#
*).....# *#.#*****,*
.#.# *####.## #.#
*,* .#.# ###.# #.#
*,, ...## #...#
##'## *,, ....#
*####.### ##...##
*,,


You could see a gnoll.

Vanquished Creatures
  Jessica (D:2)
  An ufetubus (D:2)
  2 worms (D:2)
  2 dart slugs (D:2)
  A ball python (D:1)
  4 bats
  4 endoplasms (D:1)
  2 giant cockroaches (D:2)
  A hobgoblin (D:1)
  2 jackals (D:1)
  5 kobolds
  3 quokkas
  5 rats
33 creatures vanquished.

Notes
Turn   | Place    | Note
-------+----------+-------------------------------------------
     0 | D:1      | HoaS the Kobold Hunter began the quest for the Orb.
     0 | D:1      | Reached XP level 1. HP: 12/12 MP: 1/1
   196 | D:1      | Found a faded altar of an unknown god.
   216 | D:1      | Reached XP level 2. HP: 16/17 MP: 2/2
   351 | D:1      | Reached skill level 6 in Ranged Weapons
   951 | D:2      | Found Myciheoxt's Magic Scroll Shop.
  1037 | D:2      | Reached XP level 3. HP: 21/21 MP: 3/3
  1219 | D:2      | Reached skill level 7 in Ranged Weapons
  1315 | D:2      | Reached XP level 4. HP: 26/26 MP: 4/4
  1400 | D:2      | Noticed Jessica
  1405 | D:2      | Killed Jessica
  1430 | D:2      | Mangled by a gnoll

Illustrated notes

Levels and vault maps discovered:
D:1:      lemuel_arrival_tunnels, layout_basic,
          hellmonk_ecumenical_altar_lost_god
D:2:      layout_loops_corners, serial_shops, nicolae_shop_statue_plus,
          feat_on_display, uniq_jessica

Skill      XL: |  1  2  3 |
---------------+----------+-----
Ranged Weapons | 6 7 |  7.5
Fighting       | |  2.1
Dodging        | |  2.4
Stealth        | |  1.3

Action                   |  1- 3 |  4- 6 || total
-------------------------+-------+-------++-------
 Fire: Shortbow          |    79 |    17 ||    96
  Use: Scroll            |     2 |       ||     2
Armor: Leather armour    |    12 |       ||    12
Dodge: Dodged            |    45 |     7 ||    52

Table legend: (Time is in decaauts)
 A = Elapsed time spent in this place.
 B = Non-inter-level travel time spent in this place.
 C = Inter-level travel time spent in this place.
 D = Time resting spent in this place.
 E = Time spent auto-exploring this place.
 F = Levels seen in this place.
 G = Mean time per level.
                   A        B        C        D        E       F      G
               +--------+--------+--------+--------+--------+-----+--------+
         Total |   1451 |   1429 |     22 |     37 |   1201 |   2 |  725.5 |
       Dungeon |   1451 |   1429 |     22 |     37 |   1201 |   2 |  725.5 |
               +--------+--------+--------+--------+--------+-----+--------+

Top non-repeatable levels by time:
     D:1: 910 daAuts
     D:2: 541 daAuts
